 Dungeon Crawl Stone Soup version 0.26.1-11-gd32895ea62 (webtiles) character file.

Game seed: 5512180015082633538

62 Kukuleta the Chiller (level 4, -2/33 HPs)
             Began as a Merfolk Ice Elementalist on June 22, 2021.
             Slain by a gnoll
             ... wielding a +0 halberd
              (8 damage)
             ... on level 3 of the Dungeon.
             The game lasted 00:15:55 (2771 turns).

Kukuleta the Chiller (Merfolk Ice Elementalist)     Turns: 2771, Time: 00:15:55

Health: -2/33      AC:  4    Str:  8    XL:     4   Next: 8%
Magic:  0/7        EV: 13    Int: 15    God:
Gold:   103        SH:  0    Dex: 20    Spells: 4/8 levels left

rFire    . . .     SeeInvis .   h - +0 mace
rCold    . . .     Faith    .   (no shield)
rNeg     . . .     Spirit   .   o - +0 leather armour
rPois    .         Reflect  .   (no helmet)
rElec    .         Harm     .   (no cloak)
rCorr    .         Rampage  .   (no gloves)
Will     .....                  p - +0 pair of boots (curse)
Stlth    ++........             (no amulet)
HPRegen  0.11/turn              m - +6 ring of dexterity
MPRegen  0.10/turn              (no ring)

@: no status effects
A: change form in water, swift swim, stealthy swim
a: no special abilities


You were on level 3 of the Dungeon.
You visited 1 branch of the dungeon, and saw 3 of its levels.

You collected 103 gold pieces.

Inventory:

Hand Weapons
 d - a +0 club
 h - a +0 mace (weapon)
Armour
 a - a +0 robe
 o - a +0 leather armour (worn)
 p - a cursed +0 pair of boots (worn)
Jewellery
 m - a +6 ring of dexterity (left hand)
 s - an uncursed ring of protection from cold {unknown}
Wands
 j - a wand of disintegration (16)
Scrolls
 b - 2 scrolls of identify {unknown}
 c - 2 scrolls of blinking {unknown}
 g - a scroll of fog {unknown}
 i - 2 scrolls of teleportation {unknown}
 k - a scroll of noise {unknown}
 n - a scroll of amnesia {unknown}
Potions
 e - a potion of haste {unknown}
 f - a potion of attraction {unknown}
 l - a potion of flight {unknown}
 q - a potion of heal wounds {unknown}
 r - a potion of mutation {unknown}
 t - a potion of curing {unknown}


   Skills:
 - Level 1.6 Fighting
 * Level 0.1 Armour
 - Level 2.6 Dodging
 - Level 2.1 Stealth
 + Level 2.5 Spellcasting
 - Level 5.3 Ice Magic


You had 4 spell levels left.
You knew the following spells:

 Your Spells              Type           Power        Failure   Level
a - Freeze                Ice            68%          3%          1
b - Ozocubu's Armour      Ice            17%          11%         3

Your spell library contained the following spells:

 Spells                   Type           Power        Failure   Level
 Frozen Ramparts          Ice            34%          11%         3
 Hailstorm                Conj/Ice       9%           71%         4
 Summon Ice Beast         Ice/Summ       9%           71%         4


Dungeon Overview and Level Annotations

Branches:
Dungeon (3/15)

Altars:
Elyvilon
Ru
Yredelemnul
The Shining One

Annotations:
D:2 Sigmund


Message History

The gnoll closely misses you. x2
The gnoll hits you from afar with a +0 halberd.
* * * LOW HITPOINT WARNING * * *
Your magical contamination has completely faded away.
Your icy armour will break if you move.
Continue? [Y]es or [N]o only, please.
Your icy armour will break if you move.
Continue?
Your icy armour cracks and falls away as you move.
Casting: Ozocubu's Armour (quite dangerous; 11% risk of failure)
Confirm with . or Enter, or press ? or * to list all spells.
You don't know that spell.
Casting: Ozocubu's Armour (quite dangerous; 11% risk of failure)
Confirm with . or Enter, or press ? or * to list all spells.
Aiming: Freeze (safe; 3% risk of failure)
Press: ? - help, Shift-Dir - straight line, f/p - gnoll
Aim: a gnoll, wielding a +0 whip (severely wounded)
You freeze the gnoll.
The gnoll is almost dead.
The gnoll hits you from afar with a +0 halberd!
You die...

.....#.# ### ######
###..#.# #....# #..#.#
#....# ###..#.######
#....# ............#
#..†.# ..<.......###
#....# ##.....##.####
#....#
#.....##.##.###....#####
.......##.......@.g......
..................######.
##.....##.#######g#
...#...#.# #.##
####...### #..# ...# ##.#
##.## #[..# #......#


You could see 2 gnolls.

Vanquished Creatures
  2 oozes (D:2)
  A dart slug (D:2)
  3 leopard geckos (D:1)
  3 ball pythons
  3 giant cockroaches
  6 hobgoblins
  4 jackals (D:2)
  7 bats
  7 frilled lizards
  5 goblins
  2 kobolds (D:1)
  7 rats
50 creatures vanquished.

Notes
Turn   | Place    | Note
-------+----------+-------------------------------------------
     0 | D:1      | Kukuleta the Merfolk Ice Elementalist began the quest for
                  | the Orb.
     0 | D:1      | Reached XP level 1. HP: 13/13 MP: 3/3
   330 | D:1      | Reached XP level 2. HP: 20/20 MP: 0/5
   958 | D:1      | Reached skill level 1 in Fighting
  1161 | D:1      | Reached XP level 3. HP: 23/26 MP: 3/6
  1184 | D:1      | Reached skill level 5 in Ice Magic
  1193 | D:1      | Learned a level 3 spell: Ozocubu's Armour
  1432 | D:2      | Found a basalt altar of Yredelemnul.
  1525 | D:2      | Found a white marble altar of Elyvilon.
  1752 | D:2      | Found a faded altar of an unknown god.
  2234 | D:2      | Found a glowing golden altar of the Shining One.
  2241 | D:2      | Reached XP level 4. HP: 27/33 MP: 7/7
  2500 | D:2      | Found a sacrificial altar of Ru.
  2542 | D:2      | Noticed Sigmund
  2771 | D:3      | Slain by a gnoll

Illustrated notes

Levels and vault maps discovered:
D:1:      eino_arrival_tree_alley, layout_basic, minmay_shallow_snake_nest
D:2:      layout_basic, kennysheep_ying_yang, lemuel_round_altar,
          lemuel_round_altar, chequers_ecumenical_altar_island, uniq_sigmund
D:3:      layout_loops_ring, serial_co_window_serial,
          co_window_of_opportunity_a, co_window_corner_a,
          co_window_of_opportunity_a, co_window_paths_a, co_window_corner_a,
          co_window_cross_1, co_window_of_opportunity_a,
          co_window_unsneaky_path_c, co_window_2corner, co_window_broadway_c,
          co_window_of_opportunity_b, co_window_paths_e, glass_columns_a,
          uniq_crazy_yiuf_cottage, uniq_terence

Skill      XL: |  1  2  3 |
---------------+----------+-----
Fighting       | 1 |  1.6
Ice Magic      | 5 |  5.3
Armour         | |  0.1
Dodging        | |  2.6
Stealth        | |  2.1
Spellcasting   | |  2.5

Action                   |  1- 3 |  4- 6 || total
-------------------------+-------+-------++-------
Melee: Unarmed           |    23 |       ||    23
       Club              |    20 |       ||    20
       Mace              |    79 |    19 ||    98
 Cast: Freeze            |    29 |     2 ||    31
       Ozocubu's Armour  |     1 |     1 ||     2
 Stab: Sleeping          |     1 |     1 ||     2
       Distracted        |       |     1 ||     1
Armor: Robe              |    35 |       ||    35
       Leather armour    |       |     2 ||     2
Dodge: Dodged            |   121 |    22 ||   143
